Memestreet, lawful male human Archeologist ----------------------------------- ------- ----------- |`....%................||.<...`%)..||.*...*...............h H |.............................%....||......................| H ----.--------.----------|.--------.|-------.-----.--------.| ----.| -.| |.|------|.-------|.|----.| -----.| |...)| t |.||*.*.||%.^%..*||.||..$.||.......| |....| D |.||....||.%..%..||.||....||.......| |.---- |.|----.|-------.|---|.----|.------- |.--- --- |.-----.| |.-----.| |.| |J... a |.| |.......| ; |.......| |.| |.@.. |.| |.......| |..D....| |%| |E--- |.| --------- --------- |@-----------------.| |q..`.......``......| dH s |...................| --------------------- Memestreet the Exhumer Experience level: 12 Strength: 18/01 Dexterity: 15 Constitution: 17 Intelligence: 13 Wisdom: 17 Charisma: 8 Health: 0(71) Energy: 63(63) Def: 29 Gold: 861 Moves: 18884 Dungeon seed: xnmzVzczIJawtt41 Game ID: Memestreet_1513734757 Your Inventory: Coins $ - 861 gold pieces Amulets e - an uncursed amulet of reflection (being worn) Weapons a - a blessed +7 elven short sword named Sword of Virtue (weapon in hand) E - an uncursed +0 silver saber Armor n - an uncursed +0 pair of leather gloves r - a blessed +4 cloak of protection (being worn) y - a cursed +0 shield of reflection (being worn) z - a blessed +3 elven mithril-coat (being worn) M - an uncursed +0 pair of gauntlets of dexterity (being worn) Y - a blessed +5 dwarvish iron helm (being worn) Comestibles C - an uncursed lizard corpse W - an uncursed partly eaten food ration Rings i - an uncursed ring of free action j - an uncursed +1 ring of increase damage (on right hand) I - an uncursed ring of warning O - an uncursed ring of sustain ability (on left hand) Wands d - an uncursed wand of teleportation (0:3) f - an uncursed wand of teleportation (0:3) m - an uncursed wand of cancellation (0:5) t - an uncursed wand of digging (0:8) u - a cursed wand of sleep (0:7) w - an uncursed wand of cancellation (0:5) Tools b - an uncursed sack c - an uncursed +0 pick-axe k - an uncursed +0 unicorn horn o - an uncursed skeleton key p - a cursed stethoscope B - an uncursed towel (being worn) D - an uncursed brass lantern (lit) (0:1301) L - an uncursed magic marker (0:47) P - an uncursed +0 unicorn horn Gems K - a blessed luckstone N - an uncursed fluorite Contents of the sack: an uncursed C-ration 3 uncursed K-rations 6 [blessed] eucalyptus leaves an uncursed food ration 2 cursed scrolls of blank paper a cursed scroll of charging a [blessed] scroll of confuse monster 2 uncursed scrolls of create monster a [blessed] scroll of create monster an uncursed scroll of earth a cursed scroll of enchant armor a [uncursed] scroll of enchant armor 3 [uncursed] scrolls of enchant weapon a blessed scroll of gold detection a [cursed] scroll of identify a [blessed] scroll of light 2 uncursed scrolls of remove curse a [uncursed] scroll of scare monster a cursed scroll of taming an uncursed scroll of teleportation 2 uncursed scrolls of water a [uncursed] potion of healing a [cursed] potion of object detection an uncursed ring of cold resistance an uncursed ring of conflict an uncursed ring of protection from shape changers an uncursed ring of regeneration an uncursed [-4] ring of stealth an uncursed ring of teleportation a [uncursed] wand of digging [0:7] a [uncursed] wand of digging [0:5] a [uncursed] wand of digging [0:4] a [uncursed] wand of digging [0:7] an uncursed wand of locking (0:7) a [uncursed] wand of speed monster [0:0] a [uncursed] wand of speed monster [0:6] Spells and supernatural/magical abilities: Name Level Category Fail Memory h - healing 1 healing 100% 36% E - detect food 2 divination 100% 67% W - pray for help -- divine ? -- Your skills at the end: Miscellaneous Skills shield [Basic] wands [Basic] stealth [Basic] Weapon Skills pick-axe [Basic] short sword [Basic] sling [Basic] whip [Expert] Spellcasting Skills Final Attributes: You had strayed. You were fire resistant. You were cold resistant. You were sleep resistant. You were poison resistant. Your writing hand was a little cramped from use. You saw invisible. You were telepathic. You had automatic searching. You were somewhat stealthy. You had a +1 damage bonus. You were protected. You were fast. You had reflection. You had fixed abilities. You were lucky. You had extra luck. Good luck did not time out for you. You are dead. Vanquished creatures: Medusa a minotaur a demilich a titanothere a captain 2 water trolls 2 frost giants a black pudding 2 vampires 4 ghosts 2 giant mimics an ice troll a doppelganger a long worm a stalker a fire elemental an earth elemental a hill giant a giant zombie 4 sergeants 7 wargs a winter wolf 2 quantum mechanics 2 small mimics an island nymph a glass piercer 2 ogre lords a troll a large dog 2 freezing spheres 2 shocking spheres 2 large cats 2 gargoyles a gelatinous cube 2 ochre jellies a crocodile a chameleon 3 leocrottas an energy vortex 2 mountain centaurs 3 elf mummies a human mummy 2 red nagas 6 Grey-elves a cobra a wraith an ettin zombie a leather golem 8 soldiers an incubus a giant beetle 5 cockatrices 17 wolves 5 winter wolf cubs 2 black lights a panther 2 gremlins a leprechaun 3 quivering blobs 7 lizards 3 giant spiders a scorpion 3 iron piercers a horse an ice vortex 2 vampire bats 3 forest centaurs 6 gnome kings 5 ogres a brown pudding 4 Green-elves an owlbear 4 yetis 2 gold golems 2 werewolves 2 piranhas a dog 2 dingos 4 housecats a jaguar 2 blue jellies a gray unicorn a black unicorn 2 dust vortices 4 ravens 4 plains centaurs 10 Woodland-elves 3 snakes 4 apes 2 rope golems 8 fire ants 5 yellow lights 20 bugbears an imp 5 quasits 13 Mordor orcs 2 Uruk-hai 5 orc shamans 3 rock moles 5 rock piercers 5 ponies 5 fog clouds 21 gnome lords 6 gnomish wizards a guardian naga hatchling 3 gray oozes 2 elf zombies a straw golem a paper golem 3 jellyfish 8 giant ants 2 puppies 6 floating eyes 2 kittens 9 dwarves 3 homunculi 4 kobold lords 2 kobold shamans 14 iguanas 23 hill orcs 7 rothes 2 rabid rats 2 centipedes 4 jitterbugs 2 giant bats 3 orc zombies 13 dwarf zombies 5 wererats a werejackal 14 killer bees 7 coyotes 2 hobbits 5 acid blobs 3 large kobolds 5 geckos 14 hobgoblins 6 giant rats 5 cave spiders 2 brown molds 2 yellow molds a green mold 59 gnomes 17 garter snakes 3 manes 4 gnome zombies 12 jackals 2 kobolds 9 newts 6 goblins 8 sewer rats 7 grid bugs 3 bats 11 lichens 3 kobold zombies 655 creatures vanquished. Voluntary challenges: You were not invisible. You were not displaced. You used a wielded weapon 1477 times, starting on turn 51. You did not use sinks. You read items or engraved 57 times, starting on turn 881. You never genocided any monsters. You polymorphed 17 items, starting on turn 11696. You never changed form. You cheated 1 time but completed Sokoban on turn 8980. You used no wishes. You never split a pudding. You wrote Elbereth's name 1 time, starting on turn 2668. You violated your moral code, losing 13 points of alignment, starting on turn 1737. Dungeon overview: The Dungeons of Doom: levels 1 to 24 Level 1 a fountain a long staircase Level 2 a fountain portal to Advent Calendar Level 3 a scroll shop, a fountain Level 4 an armor shop, an altar to Quetzalcoatl, a fountain stairs to The Gnomish Mines Level 5 a sink Level 6 Level 7 Level 8 (woodfighter death) an altar to Camaxtli Level 9 Level 10 stairs to Sokoban Level 11 a fountain Level 12 a fountain Level 13 Level 14 (LUCK) Level 15 (TEMPORARY STASH) a sink Level 16 portal to The Quest Level 17 Level 18 Level 19 a fountain Level 20 Level 21 an altar to Quetzalcoatl, a fountain Level 22 Level 23 Level 24 <- You were here The Gnomish Mines: levels 5 to 13 Level 5 stairs to The Dungeons of Doom Level 6 Level 7 many shops, a temple to Camaxtli, a magic chest, some fountains Level 8 Level 9 Level 10 Level 11 Level 12 Level 13 some altars to Moloch, a magic chest, some fountains The Quest: Level 1 portal to The Dungeons of Doom Sokoban: levels 6 to 9 Level 6 a magic chest Level 7 Level 8 Level 9 a magic chest stairs to The Dungeons of Doom Advent Calendar: Level 2 many trees portal to The Dungeons of Doom History has recorded: On T:1 you entered the Dungeons of Doom to retrieve the Amulet of Yendor! On T:84 you reached level 2 of The Dungeons of Doom. On T:216 you reached level 1 of Advent Calendar. On T:239 you advanced to experience level 2. On T:827 you advanced to experience level 3. On T:833 you reached level 3 of The Dungeons of Doom. On T:1050 you reached level 4 of The Dungeons of Doom. On T:1261 you reached level 1 of The Gnomish Mines. On T:1269 you advanced to experience level 4. On T:1395 you advanced to experience level 5. On T:1446 you reached level 2 of The Gnomish Mines. On T:1667 you reached level 3 of The Gnomish Mines. On T:1708 you prayed to Quetzalcoatl. On T:1720 you advanced to experience level 6. On T:2247 you entered the Minetown temple On T:2473 you opened a magic chest. On T:2547 you advanced to experience level 7. On T:2743 you reached level 5 of The Dungeons of Doom. On T:3236 you reached level 6 of The Dungeons of Doom. On T:3478 you prayed to Quetzalcoatl. On T:3723 you reached level 4 of The Gnomish Mines. On T:3841 you reached level 5 of The Gnomish Mines. On T:3891 you advanced to experience level 8. On T:4197 you reached level 6 of The Gnomish Mines. On T:5679 you reached level 7 of The Dungeons of Doom. On T:5920 you reached level 8 of The Dungeons of Doom. On T:6378 you reached level 9 of The Dungeons of Doom. On T:6433 you reached level 10 of The Dungeons of Doom. On T:6441 you advanced to experience level 9. On T:6753 you reached level 4 of Sokoban. On T:7063 you reached level 3 of Sokoban. On T:7416 you reached level 2 of Sokoban. On T:8300 you reached level 1 of Sokoban. On T:8980 you entered the Sokoban zoo. On T:10375 you prayed to Quetzalcoatl. On T:11312 you prayed to Quetzalcoatl. On T:12120 you reached level 7 of The Gnomish Mines. On T:12324 you reached level 9 of The Gnomish Mines. On T:12324 you reached the bottom of the Mines. On T:12933 you advanced to experience level 10. On T:13351 you reached level 8 of The Gnomish Mines. On T:13860 you reached level 11 of The Dungeons of Doom. On T:14063 you reached level 12 of The Dungeons of Doom. On T:14496 you reached level 13 of The Dungeons of Doom. On T:14500 you reached level 14 of The Dungeons of Doom. On T:14750 you reached level 16 of The Dungeons of Doom. On T:14750 you entered the Rogue tribute level. On T:15017 you reached level 17 of The Dungeons of Doom. On T:15448 you reached level 18 of The Dungeons of Doom. On T:15713 you advanced to experience level 11. On T:16055 you reached level 19 of The Dungeons of Doom. On T:16180 you reached level 20 of The Dungeons of Doom. On T:16434 you reached level 21 of The Dungeons of Doom. On T:16755 you reached level 22 of The Dungeons of Doom. On T:18040 you reached level 1 of The Quest. On T:18428 you killed Medusa on level 22 of The Dungeons of Doom. On T:18604 you reached level 24 of The Dungeons of Doom. On T:18881 you advanced to experience level 12. On T:18883 you prayed to Quetzalcoatl. Score breakdown: Gold: 861 ( 86 points) Experience: 12 levels ( 1100 points) Exploration: 24 levels ( 690 points) Discoveries: 90 items ( 2000 points) Variety of kills: 154 monsters ( 2000 points) Major goal: Sokoban/Mines ( 1500 points) Survival: died (score multiplied by 3) Total score: 22128 Latest messages: Never mind. You stab the invisible demilich. You destroy the invisible demilich! Welcome to experience level 12. The cockatrice bites! The cockatrice misses. The jabberwock just misses! The jabberwock misses. The jabberwock claws you! (2x) You stab the cockatrice. The invisible stalker misses. The jabberwock misses. (2x) The jabberwock claws you! The jabberwock misses. You kill the cockatrice! You try to feel what is lying here on the floor. You feel here a cockatrice corpse. The baluchitherium claws you! (2x) You begin praying to Quetzalcoatl. The baluchitherium claws you! You die... Final status: Goodbye Memestreet the Archeologist, killed by a baluchitherium, while praying... You died in The Dungeons of Doom on dungeon level 24 with 22128 points, and 861 pieces of gold, after 18884 moves. You were level 12 with a maximum of 71 hit points when you died.